 Dungeon Crawl Stone Soup version 0.29-a0-323-g050149af67 (webtiles) character file.

Game seed: 16077879126217188412

176 Jortsu the Ducker (level 5, -1/36 HPs)
             Began as an Octopode Fighter on Apr 10, 2022.
             Was a Believer of Zin.
             Slain by Pikel
             ... wielding a +2 whip of flaming
              (7 damage)
             ... on level 4 of the Dungeon.
             The game lasted 00:04:57 (3520 turns).

Jortsu the Ducker (Octopode Fighter)                Turns: 3520, Time: 00:04:57

Health: -1/36      AC:  1    Str: 18    XL:     5   Next: 56%
Magic:  5/5        EV: 12    Int: 10    God:    Zin [**....]
Gold:   232        SH: 13    Dex: 11    Spells: 4/4 levels left

rFire   . . .      SeeInvis .   i - +2 spear (vorpal)
rCold   . . .      Faith    .   k - +0 kite shield
rNeg    . . .      Spirit   .   (helmet restricted)
rPois   .          Reflect  +   n - amulet of reflection
rElec   .          Harm     .   (no ring)
rCorr   .          Rampage  .   (no ring)
Will    .....                   (no ring)
Stlth   +++.......              (no ring)
HPRegen 0.12/turn               (no ring)
MPRegen 0.09/turn               (no ring)
                                (no ring)
                                (no ring)

@: no status effects
A: almost no armour, amphibious, 8 rings, camouflage 1, gelatinous body 1,
(nimble swimmer 1), tentacles
a: Renounce Religion, Recite, Vitalisation, Donate Gold


You were on level 4 of the Dungeon.
You worshipped Zin.
Zin was pleased with you.
You visited 1 branch of the dungeon, and saw 4 of its levels.

You collected 257 gold pieces.
You donated 25 gold pieces to Zin.

Inventory:

Hand Weapons
 a - a +0 long sword
 i - a +2 vorpal spear (weapon)
Armour
 k - a +0 kite shield (worn)
Jewellery
 n - an amulet of reflection (around mantle)
Wands
 o - a wand of iceblast (12)
Scrolls
 g - a scroll of fog {unknown}
 h - a scroll of identify
 j - 2 scrolls of teleportation
 p - 2 scrolls of amnesia
Potions
 b - a potion of magic
 c - 3 potions of might
 d - a potion of brilliance
 e - 2 potions of attraction
 f - 2 potions of heal wounds
 l - a potion of mutation {unknown}
 m - a potion of curing


   Skills:
 + Level 3.4 Fighting
 + Level 2.3 Long Blades
 + Level 2.0 Polearms
 + Level 3.9 Dodging
 + Level 3.5 Stealth
 + Level 3.5 Shields


You had 4 spell levels left.
You didn't know any spells.
Your spell library contained the following spells:

 Spells                   Type           Power      Damage    Failure   Level
 Animate Skeleton         Necr           0%         N/A       75%         1
 Foxfire                  Conj/Fire      0%         2x1d4     75%         1
 Pain                     Necr           0%         1d4       75%         1
 Slow                     Hex            0%         N/A       75%         1
 Blink                    Tloc           0%         N/A       87%         2
 Confusing Touch          Hex            0%         N/A       98%         3
 Conjure Flame            Conj/Fire      0%         6-21      98%         3
 Inner Flame              Hex/Fire       0%         N/A       98%         3
 Vampiric Draining        Necr           0%         2d6       98%         3
 Flame Wave               Conj/Fire      0%         2d4       100%        4
 Manifold Assault         Tloc           0%         N/A       100%        5
 Storm Form               Tmut/Air       0%         N/A       100%        7


Dungeon Overview and Level Annotations

Branches:
Dungeon (4/15)
 Temple: D:4-7

Altars:
Dithmenos
Fedhas
Zin

Annotations:
D:4 Pikel


Innate Abilities, Weirdness & Mutations

You cannot wear most types of armour.
You are amphibious.
You can wear up to eight rings at the same time.
Your skin changes colour to match your surroundings (Stealth+).
Your rubbery body absorbs attacks. (AC +1, EV +1)
((You are camouflaged when in or above water. (Stealth+)))
You have tentacles for arms and can constrict up to eight enemies at once.


Message History

a +0 trident; a +0 robe
Found an escape hatch in the floor.
Found a leather armour.
There is an escape hatch in the floor here.
Found a stone staircase leading up.
A lemure comes into view.
Found 11 gold pieces.
A lemure comes into view.
The lemure shouts!
You hear a shout!
Pikel, Merchant of Souls comes into view.
He is wielding a +2 whip of flaming, wearing a +2 robe of cold resistance and carrying a wand of iceblast (9).
A lemure comes into view.
The lemure shouts! x2; You hear an angry hiss.
You block the lemure's attack.
A lemure comes into view.
Pikel says, "You'll freeze in Cocytus!"
An adder comes into view.
There is a stone staircase leading up here.
You hit the lemure. Your grab misses the lemure.
The lemure is lightly wounded.
You block the lemure's attack. The lemure hits you.
You completely miss the lemure. Your grab misses the lemure.
You squeeze the lemure!
The lemure is moderately wounded.
The lemure hits you.
You barely miss the lemure. You grab the lemure.
The lemure is moderately wounded.
You constrict the lemure.
The lemure escapes!
You barely miss the lemure. Your grab misses the lemure.
Your squeeze misses the lemure. You block the lemure's attack.
The lemure hits you.
You miss the lemure. Your grab misses the lemure.
You block the lemure's attack. The lemure hits you!
You barely miss Pikel. Your grab misses Pikel. The lemure hits you. x2
* * * LOW HITPOINT WARNING * * *
You hit Pikel but do no damage. You grab Pikel. You squeeze Pikel.
Pikel is lightly wounded.
You constrict Pikel, but do no damage. The lemure barely misses you.
Pikel barely misses you. You block the lemure's attack. x2
Pikel hits you with a +2 whip of flaming!
You die...

#..# ###.#.######
..>.. #...#..#.[..
.###.###
#.####.#.... . .#..
#.# #.#.... # .#.#
#.####.#.### .#.#
#......#.# #
####.############.#
#
#..$5K............#
#
#.##@#.############
# #5#K....... #
.S#.....### .
.###5###.# # .. #.#
# ## .5# S.# #...
####


You could see Pikel, 2 lemures and an adder.

Vanquished Creatures
  Blork the orc (D:4)
  An orc wizard (D:3)
  An adder (D:3)
  A dart slug (D:1)
  3 orcs
  6 ball pythons
  8 endoplasms
  5 giant cockroaches
  6 goblins
  2 hobgoblins (D:1)
  2 jackals (D:2)
  4 quokkas
  10 bats
  6 frilled lizards
  7 kobolds
  5 rats
68 creatures vanquished.

Vanquished Creatures (others)
  A quokka (D:4)
1 creature vanquished.

Grand Total: 69 creatures vanquished

Notes
Turn   | Place    | Note
-------+----------+-------------------------------------------
     0 | D:1      | Jortsu the Octopode Fighter began the quest for the Orb.
     0 | D:1      | Reached XP level 1. HP: 16/16 MP: 1/1
   194 | D:1      | Reached XP level 2. HP: 18/21 MP: 2/2
   405 | D:1      | Reached skill level 1 in Stealth
   405 | D:1      | Reached XP level 3. HP: 12/26 MP: 3/3
  2246 | D:3      | Identified the +0 robe of Makhleb's Envy {rElec rCorr}
  2539 | D:3      | Reached XP level 4. HP: 31/31 MP: 4/4
  2564 | D:3      | Reached skill level 1 in Polearms
  2931 | D:3      | Found a faded altar of an unknown god.
  2935 | D:3      | Prayed at the altar of an unknown god.
  2935 | D:3      | Became a worshipper of Zin the Law-Giver
  2935 | D:3      | Reached * piety under Zin
  2935 | D:3      | Reached ** piety under Zin
  3147 | D:3      | Found a shadowy altar of Dithmenos.
  3201 | D:4      | Found a blossoming altar of Fedhas.
  3335 | D:4      | Noticed Blork the orc
  3341 | D:4      | Killed Blork the orc
  3342 | D:4      | Reached XP level 5. HP: 27/36 MP: 5/5
  3506 | D:4      | Noticed a lemure
  3507 | D:4      | Noticed a lemure
  3507 | D:4      | Noticed Pikel
  3508 | D:4      | Noticed a lemure
  3509 | D:4      | Noticed a lemure
  3520 | D:4      | Slain by Pikel

Illustrated notes

Levels and vault maps discovered:
D:1:      dpeg_arrival_shelter, layout_rooms, kennysheep_small_spiral,
          minmay_pentomino_w4
D:2:      layout_basic, grunt_ministairs_1, chequers_serial_rivers_micro_d
D:3:      layout_loops_corners, mainiacjoe_overflow_alcove_2,
          hellmonk_ecumenical_altar_leap_of_faith
D:4:      layout_basic, elyvilon_altar_4, mainiacjoe_overflow_catwalk,
          uniq_blork_the_orc, uniq_grinder, uniq_pikel

Skill      XL: |  1  2  3  4 |
---------------+-------------+-----
Stealth        | 1 3 |  3.5
Polearms       | 2 |  2.0
Fighting       | |  3.4
Long Blades    | |  2.3
Dodging        | |  3.9
Shields        | |  3.5

Action                   |  1- 3 |  4- 6 || total
-------------------------+-------+-------++-------
Melee: Long sword        |     8 |       ||     8
       Constrict         |    19 |     6 ||    25
       Spear             |    75 |    38 ||   113
       Tentacles         |    15 |     5 ||    20
  Use: Scroll            |     9 |     2 ||    11
 Stab: Sleeping          |    11 |     8 ||    19
Armor: Skin              |    17 |     1 ||    18
Dodge: Dodged            |    46 |    12 ||    58
Block: Buckler           |    11 |       ||    11
       Kite shield       |    44 |    21 ||    65
       Reflection        |     1 |     1 ||     2

Table legend: (Time is in decaauts)
 A = Elapsed time spent in this place.
 B = Non-inter-level travel time spent in this place.
 C = Inter-level travel time spent in this place.
 D = Time resting spent in this place.
 E = Time spent auto-exploring this place.
 F = Levels seen in this place.
 G = Mean time per level.
                   A        B        C        D        E       F      G
               +--------+--------+--------+--------+--------+-----+--------+
         Total |   3546 |   3461 |     85 |    556 |   2269 |   4 |  886.5 |
       Dungeon |   3546 |   3461 |     85 |    556 |   2269 |   4 |  886.5 |
               +--------+--------+--------+--------+--------+-----+--------+

Top non-repeatable levels by time:
     D:2: 1390 daAuts
     D:3: 1000 daAuts
     D:1: 829 daAuts
     D:4: 326 daAuts
